[ AOE2 MATCH · #478214024 ]
UnrankedFranks vs Jurchens
[ REPLAY ANALYSIS · EXTRACTED FROM THE RECORDED GAME ]
Feudal
8:51
Castle
22:03
Imperial
—
| APM avg | 43.2 |
| APM peak | 86 |
| eAPM avg | 19.7 |
| Villagers / military | 99 / 52 |
Focus
⚔️ 30.1% · 🌾 69.9%
Scout Cavalry ×26 · Knight ×17 · Throwing Axeman ×9
Feudal
10:35
Castle
15:01
Imperial
—
| APM avg | 31.2 |
| APM peak | 67 |
| eAPM avg | 13.5 |
| Villagers / military | 66 / 6 |
Focus
⚔️ 32.6% · 🌾 67.4%
Unknown (1911) ×28 · Monk ×6
Feudal
12:24
Castle
18:25
Imperial
—
| APM avg | 29.9 |
| APM peak | 52 |
| eAPM avg | 20.2 |
| Villagers / military | 95 / 68 |
Focus
⚔️ 16.7% · 🌾 83.3%
Knight ×57 · Obuch ×7 · Monk ×2 · Petard ×2
Feudal
—
Castle
—
Imperial
—
| APM avg | 33.6 |
| APM peak | 80 |
| eAPM avg | 15.8 |
| Villagers / military | 65 / 62 |
Focus
⚔️ 29.7% · 🌾 70.3%
Skirmisher ×41 · Archer ×15 · Spearman ×6
Feudal
10:29
Castle
14:11
Imperial
32:25
| APM avg | 33.0 |
| APM peak | 76 |
| eAPM avg | 20.7 |
| Villagers / military | 121 / 49 |
Focus
⚔️ 26.6% · 🌾 73.4%
Spearman ×43 · Tarkan ×5 · Monk ×1
Feudal
8:53
Castle
25:18
Imperial
—
| APM avg | 46.8 |
| APM peak | 90 |
| eAPM avg | 20.6 |
| Villagers / military | 75 / 76 |
Focus
⚔️ 53.0% · 🌾 47.0%
Archer ×73 · Mangonel ×2 · Spearman ×1
Feudal
11:50
Castle
15:40
Imperial
—
| APM avg | 44.5 |
| APM peak | 73 |
| eAPM avg | 25.2 |
| Villagers / military | 92 / 62 |
Focus
⚔️ 25.5% · 🌾 74.5%
Flemish Militia ×52 · Battering Ram ×4 · Mangonel ×3 · Scorpion ×3
Feudal
10:33
Castle
14:08
Imperial
—
| APM avg | 34.1 |
| APM peak | 69 |
| eAPM avg | 18.0 |
| Villagers / military | 76 / 82 |
Focus
⚔️ 32.5% · 🌾 67.5%
Knight ×82
Match map
Initial resources + every placement click. Lines = walls · curves = elevation contours. ◆ gold · ⬟ stone · ● berries · ✦ relic · ◌ wall gap
Your base· Open — unwalled flank
LetItBeMe's base· ✓ Closed at 15:01 · 20t walls · 3 gate(s)
500分三高选手's base· Open — unwalled flank
narutoshery's base· Open — 6t gap
后入显风格's base· Open — unwalled flank
水無月悠歌's base· ✓ Closed at 25:18 · 1t walls · 4 gate(s)
Superhero55's base· Open — 4t gap
車's base· Open — unwalled flank
Smoothed initial terrain · ◌ = detected wall gap · hover for details
Inputs per minute
— hanson013 - - LetItBeMe
Build order — hanson013
First 150 of 254 actions detected
| 0:01 | Create | Villager (Male) |
| 0:01 | Create | Villager (Male) |
| 0:02 | Build | House |
| 0:04 | Build | House |
| 0:08 | Create | Villager (Male) |
| 0:09 | Create | Villager (Male) |
| 0:09 | Create | Villager (Male) |
| 1:24 | Create | Villager (Male) |
| 1:25 | Create | Villager (Male) |
| 1:55 | Build | Lumber Camp |
| 2:00 | Create | Villager (Male) |
| 2:14 | Create | Villager (Male) |
| 2:52 | Create | Villager (Male) |
| 2:52 | Create | Villager (Male) |
| 2:53 | Create | Villager (Male) |
| 2:53 | Create | Villager (Male) |
| 3:32 | Build | House |
| 3:46 | Create | Villager (Male) |
| 3:46 | Create | Villager (Male) |
| 3:46 | Create | Villager (Male) |
| 3:58 | Build | Mill |
| 4:02 | Create | Villager (Male) |
| 4:27 | Create | Villager (Male) |
| 5:15 | Create | Villager (Male) |
| 5:15 | Create | Villager (Male) |
| 5:15 | Create | Villager (Male) |
| 5:34 | Create | Villager (Male) |
| 6:41 | Research | Feudal Age |
| 6:42 | Research | Feudal Age |
| 7:45 | Build | Barracks |
| 8:07 | Build | House |
| 8:18 | Create | Villager (Male) |
| 8:18 | Create | Villager (Male) |
| 8:51 | Age | Feudal Age |
| 8:54 | Build | Stable |
| 9:04 | Create | Villager (Male) |
| 9:11 | Build | House |
| 9:18 | Create | Villager (Male) |
| 9:23 | Research | Double-Bit Axe |
| 9:34 | Create | Scout Cavalry |
| 9:42 | Build | House |
| 9:58 | Build | Farm |
| 10:06 | Create | Scout Cavalry |
| 10:14 | Build | Farm |
| 10:16 | Build | House |
| 10:19 | Create | Scout Cavalry |
| 10:32 | Create | Villager (Male) |
| 10:53 | Create | Scout Cavalry |
| 10:53 | Create | Villager (Male) |
| 10:56 | Build | Farm |
| 11:07 | Create | Villager (Male) |
| 11:10 | Build | Farm |
| 11:18 | Build | House |
| 11:21 | Build | House |
| 11:25 | Create | Villager (Male) |
| 11:30 | Create | Scout Cavalry |
| 11:38 | Build | Stable |
| 11:44 | Create | Scout Cavalry |
| 12:01 | Build | Farm |
| 12:04 | Create | Villager (Male) |
| 12:10 | Build | House |
| 12:32 | Create | Villager (Male) |
| 12:33 | Create | Scout Cavalry |
| 12:47 | Create | Villager (Male) |
| 12:48 | Create | Scout Cavalry |
| 13:06 | Create | Villager (Male) |
| 13:10 | Build | House |
| 13:13 | Build | Farm |
| 13:24 | Build | Farm |
| 13:24 | Build | Farm |
| 13:24 | Build | Farm |
| 13:24 | Build | Farm |
| 13:35 | Create | Scout Cavalry |
| 13:54 | Create | Scout Cavalry |
| 13:55 | Create | Villager (Male) |
| 13:59 | Build | Mill |
| 14:11 | Create | Villager (Male) |
| 14:11 | Create | Scout Cavalry |
| 14:15 | Build | Farm |
| 14:41 | Create | Scout Cavalry |
| 14:50 | Build | Farm |
| 14:52 | Create | Villager (Male) |
| 14:53 | Create | Scout Cavalry |
| 14:53 | Create | Scout Cavalry |
| 14:58 | Build | Farm |
| 15:09 | Create | Villager (Male) |
| 15:16 | Build | Farm |
| 15:20 | Create | Scout Cavalry |
| 15:59 | Create | Scout Cavalry |
| 16:08 | Create | Scout Cavalry |
| 16:11 | Build | Blacksmith |
| 16:33 | Create | Villager (Male) |
| 16:34 | Create | Scout Cavalry |
| 16:37 | Build | Farm |
| 16:38 | Build | Farm |
| 16:47 | Create | Scout Cavalry |
| 16:50 | Build | Farm |
| 16:54 | Create | Villager (Male) |
| 17:16 | Create | Villager (Male) |
| 17:34 | Create | Villager (Male) |
| 17:36 | Create | Scout Cavalry |
| 17:48 | Build | Farm |
| 17:49 | Create | Villager (Male) |
| 17:52 | Build | Mining Camp |
| 18:20 | Build | Mill |
| 18:32 | Create | Villager (Male) |
| 18:35 | Build | House |
| 19:23 | Research | Castle Age |
| 19:24 | Research | Castle Age |
| 19:57 | Create | Scout Cavalry |
| 19:57 | Create | Scout Cavalry |
| 20:13 | Create | Scout Cavalry |
| 20:14 | Research | Scale Barding Armor |
| 20:15 | Research | Forging |
| 20:56 | Research | Forging |
| 21:02 | Create | Scout Cavalry |
| 21:02 | Create | Scout Cavalry |
| 21:42 | Create | Villager (Male) |
| 21:46 | Build | House |
| 21:47 | Build | House |
| 21:56 | Create | Scout Cavalry |
| 22:03 | Age | Castle Age |
| 22:05 | Research | Light Cavalry (upgrade) |
| 22:06 | Research | Chain Barding Armor |
| 22:07 | Create | Knight |
| 22:08 | Create | Knight |
| 22:12 | Build | Town Center |
| 22:32 | Create | Villager (Male) |
| 22:33 | Create | Villager (Male) |
| 22:44 | Build | House |
| 22:49 | Create | Knight |
| 22:50 | Research | Loom |
| 22:52 | Research | Wheelbarrow |
| 23:11 | Create | Villager (Male) |
| 23:39 | Create | Villager (Male) |
| 23:47 | Create | Villager (Male) |
| 23:48 | Create | Villager (Male) |
| 23:48 | Create | Villager (Male) |
| 23:49 | Research | Bow Saw |
| 24:05 | Create | Villager (Male) |
| 24:21 | Create | Villager (Male) |
| 24:21 | Create | Villager (Male) |
| 24:30 | Create | Villager (Male) |
| 24:34 | Build | Mining Camp |
| 24:42 | Create | Villager (Male) |
| 24:45 | Create | Knight |
| 24:58 | Create | Knight |
| 24:59 | Create | Knight |
| 25:00 | Create | Villager (Male) |
| 25:17 | Build | Farm |
Build order — LetItBeMe
First 150 of 178 actions detected
| 0:01 | Create | Villager (Male) |
| 0:02 | Build | House |
| 0:03 | Build | House |
| 0:17 | Create | Villager (Male) |
| 0:23 | Create | Villager (Male) |
| 0:23 | Create | Villager (Male) |
| 1:30 | Create | Villager (Male) |
| 1:56 | Build | Lumber Camp |
| 2:01 | Create | Villager (Male) |
| 2:02 | Create | Villager (Male) |
| 2:43 | Create | Villager (Male) |
| 3:08 | Create | Villager (Male) |
| 3:49 | Create | Villager (Male) |
| 3:54 | Build | House |
| 4:00 | Create | Villager (Male) |
| 4:22 | Build | Mill |
| 4:24 | Create | Villager (Male) |
| 4:24 | Create | Villager (Male) |
| 4:28 | Build | House |
| 4:47 | Build | Palisade Wall |
| 4:58 | Create | Villager (Male) |
| 4:58 | Create | Villager (Male) |
| 5:25 | Create | Villager (Male) |
| 5:48 | Build | Palisade Wall |
| 5:52 | Create | Villager (Male) |
| 6:38 | Create | Villager (Male) |
| 6:44 | Build | Palisade Wall |
| 6:52 | Create | Villager (Male) |
| 7:11 | Build | House |
| 7:19 | Create | Villager (Male) |
| 7:26 | Research | Loom |
| 8:12 | Research | Feudal Age |
| 8:13 | Research | Feudal Age |
| 8:27 | Build | Mining Camp |
| 8:49 | Build | Palisade Wall |
| 9:10 | Build | Barracks |
| 9:24 | Create | Villager (Male) |
| 9:24 | Create | Villager (Male) |
| 9:41 | Build | Palisade Gate |
| 10:35 | Age | Feudal Age |
| 10:42 | Build | Archery Range |
| 11:05 | Build | Blacksmith |
| 11:23 | Create | Villager (Male) |
| 11:44 | Create | Villager (Male) |
| 12:21 | Research | Castle Age |
| 12:50 | Build | House |
| 12:59 | Research | Horse Collar |
| 12:59 | Research | Horse Collar |
| 13:17 | Research | Double-Bit Axe |
| 13:37 | Build | House |
| 14:02 | Build | Farm |
| 14:03 | Build | Farm |
| 14:32 | Create | Villager (Male) |
| 14:42 | Build | Farm |
| 14:44 | Build | Farm |
| 14:54 | Build | Farm |
| 15:01 | Age | Castle Age |
| 15:02 | Create | Unit 1911 |
| 15:02 | Create | Unit 1911 |
| 15:10 | Build | House |
| 15:14 | Create | Villager (Male) |
| 15:23 | Research | Bow Saw |
| 15:23 | Research | Bow Saw |
| 15:27 | Create | Unit 1911 |
| 15:32 | Research | Gold Mining |
| 15:35 | Create | Villager (Male) |
| 15:38 | Build | Farm |
| 15:40 | Build | Farm |
| 15:48 | Create | Unit 1911 |
| 15:49 | Create | Unit 1911 |
| 15:49 | Create | Unit 1911 |
| 16:01 | Build | Farm |
| 16:07 | Create | Villager (Male) |
| 16:15 | Build | Farm |
| 16:27 | Create | Villager (Male) |
| 16:32 | Build | Farm |
| 16:34 | Create | Unit 1911 |
| 16:41 | Build | Farm |
| 16:48 | Build | Farm |
| 16:56 | Build | Farm |
| 16:58 | Create | Villager (Male) |
| 17:09 | Create | Unit 1911 |
| 17:09 | Create | Unit 1911 |
| 17:13 | Build | Farm |
| 17:25 | Build | House |
| 17:37 | Create | Villager (Male) |
| 17:47 | Build | Farm |
| 18:08 | Create | Unit 1911 |
| 18:08 | Create | Unit 1911 |
| 18:18 | Create | Villager (Male) |
| 18:34 | Create | Villager (Male) |
| 18:37 | Create | Unit 1911 |
| 18:37 | Create | Unit 1911 |
| 18:43 | Create | Villager (Male) |
| 18:46 | Build | Farm |
| 18:48 | Build | House |
| 18:49 | Build | House |
| 19:04 | Build | Siege Workshop |
| 19:18 | Create | Villager (Male) |
| 19:18 | Create | Villager (Male) |
| 19:21 | Build | Farm |
| 19:21 | Build | Farm |
| 19:35 | Build | House |
| 19:40 | Create | Unit 1911 |
| 19:40 | Create | Unit 1911 |
| 19:49 | Build | Farm |
| 19:51 | Research | Heavy Plow |
| 19:51 | Research | Heavy Plow |
| 19:53 | Create | Villager (Male) |
| 20:07 | Create | Unit 1911 |
| 20:11 | Build | House |
| 20:18 | Create | Villager (Male) |
| 20:51 | Create | Villager (Male) |
| 20:58 | Build | Town Center |
| 21:13 | Research | Wheelbarrow |
| 21:22 | Create | Villager (Male) |
| 21:34 | Create | Villager (Male) |
| 21:58 | Create | Villager (Male) |
| 22:06 | Build | Monastery |
| 22:11 | Create | Unit 1911 |
| 22:11 | Create | Unit 1911 |
| 22:13 | Create | Villager (Male) |
| 22:15 | Create | Villager (Male) |
| 22:15 | Create | Villager (Male) |
| 22:15 | Create | Villager (Male) |
| 22:27 | Create | Unit 1911 |
| 22:27 | Create | Unit 1911 |
| 22:34 | Create | Villager (Male) |
| 22:34 | Create | Villager (Male) |
| 22:54 | Create | Monk |
| 23:15 | Create | Monk |
| 23:41 | Build | Farm |
| 23:41 | Build | Farm |
| 23:44 | Build | Mill |
| 23:45 | Create | Villager (Male) |
| 23:45 | Create | Villager (Male) |
| 23:46 | Create | Villager (Male) |
| 23:46 | Create | Villager (Male) |
| 23:48 | Build | Farm |
| 23:50 | Build | Farm |
| 23:56 | Create | Unit 1911 |
| 23:56 | Create | Unit 1911 |
| 23:56 | Create | Unit 1911 |
| 23:58 | Create | Villager (Male) |
| 23:58 | Create | Villager (Male) |
| 24:02 | Build | Lumber Camp |
| 24:33 | Create | Monk |
| 24:34 | Create | Monk |
| 24:34 | Create | Villager (Male) |
| 24:34 | Create | Villager (Male) |
Build order — 500分三高选手
First 150 of 264 actions detected
| 0:03 | Build | House |
| 0:04 | Build | House |
| 0:04 | Create | Villager (Male) |
| 0:05 | Create | Villager (Male) |
| 0:05 | Create | Villager (Male) |
| 0:05 | Create | Villager (Male) |
| 1:28 | Create | Villager (Male) |
| 1:29 | Create | Villager (Male) |
| 1:48 | Build | Lumber Camp |
| 2:07 | Create | Villager (Male) |
| 2:07 | Create | Villager (Male) |
| 2:19 | Create | Villager (Male) |
| 2:50 | Create | Villager (Male) |
| 2:51 | Create | Villager (Male) |
| 3:06 | Create | Villager (Male) |
| 3:06 | Create | Villager (Male) |
| 3:53 | Build | House |
| 3:59 | Create | Villager (Male) |
| 4:08 | Build | House |
| 4:15 | Build | Palisade Wall |
| 4:21 | Create | Villager (Male) |
| 4:21 | Create | Villager (Male) |
| 4:51 | Create | Villager (Male) |
| 4:51 | Create | Villager (Male) |
| 5:01 | Build | Palisade Wall |
| 5:08 | Build | Palisade Wall |
| 5:15 | Create | Villager (Male) |
| 5:15 | Create | Villager (Male) |
| 6:03 | Create | Villager (Male) |
| 6:13 | Create | Villager (Male) |
| 6:35 | Build | Mill |
| 6:38 | Create | Villager (Male) |
| 6:38 | Create | Villager (Male) |
| 6:56 | Create | Villager (Male) |
| 6:56 | Create | Villager (Male) |
| 7:21 | Build | Mining Camp |
| 7:39 | Create | Villager (Male) |
| 7:39 | Create | Villager (Male) |
| 7:39 | Create | Villager (Male) |
| 7:39 | Create | Villager (Male) |
| 7:40 | Create | Villager (Male) |
| 8:33 | Build | House |
| 8:43 | Build | Palisade Wall |
| 8:48 | Create | Villager (Male) |
| 9:19 | Build | Mill |
| 9:27 | Build | Farm |
| 9:49 | Create | Villager (Male) |
| 10:04 | Research | Feudal Age |
| 10:04 | Research | Feudal Age |
| 10:21 | Build | Farm |
| 10:22 | Build | Farm |
| 11:13 | Build | Farm |
| 11:15 | Build | Farm |
| 12:12 | Build | Palisade Wall |
| 12:20 | Create | Villager (Male) |
| 12:24 | Age | Feudal Age |
| 12:28 | Build | Market |
| 12:37 | Build | Stone Wall |
| 12:40 | Build | Gate |
| 12:43 | Create | Villager (Male) |
| 12:52 | Create | Villager (Male) |
| 12:57 | Build | Blacksmith |
| 13:04 | Build | Stone Wall |
| 13:12 | Create | Villager (Male) |
| 13:15 | Build | Farm |
| 13:42 | Create | Villager (Male) |
| 13:46 | Build | Farm |
| 14:29 | Create | Villager (Male) |
| 14:44 | Build | Mill |
| 14:45 | Build | Farm |
| 14:45 | Build | Farm |
| 14:46 | Build | Farm |
| 14:47 | Build | Farm |
| 14:48 | Build | Farm |
| 14:48 | Build | Farm |
| 14:49 | Build | Farm |
| 14:49 | Build | Farm |
| 14:49 | Build | Farm |
| 14:49 | Build | Farm |
| 14:50 | Build | Farm |
| 14:50 | Build | Farm |
| 14:50 | Build | Farm |
| 14:50 | Build | Farm |
| 14:51 | Build | Farm |
| 14:51 | Build | Farm |
| 14:51 | Build | Farm |
| 14:52 | Build | Farm |
| 14:52 | Build | Farm |
| 14:52 | Build | Farm |
| 14:52 | Build | Farm |
| 14:55 | Create | Villager (Male) |
| 15:01 | Create | Villager (Male) |
| 15:40 | Research | Castle Age |
| 15:40 | Research | Castle Age |
| 15:58 | Build | Barracks |
| 16:12 | Research | Double-Bit Axe |
| 16:12 | Research | Double-Bit Axe |
| 16:39 | Research | Horse Collar |
| 18:06 | Build | Stable |
| 18:11 | Create | Villager (Male) |
| 18:25 | Age | Castle Age |
| 18:25 | Create | Villager (Male) |
| 18:33 | Build | Castle |
| 18:49 | Create | Villager (Male) |
| 19:14 | Create | Villager (Male) |
| 19:19 | Build | Town Center |
| 19:21 | Create | Villager (Male) |
| 19:44 | Create | Villager (Male) |
| 20:20 | Create | Villager (Male) |
| 20:27 | Research | Szlachta Privileges |
| 20:27 | Research | Szlachta Privileges |
| 20:37 | Build | Farm |
| 20:37 | Build | Farm |
| 20:37 | Build | Farm |
| 20:40 | Build | Farm |
| 20:45 | Build | Farm |
| 21:05 | Research | Bloodlines |
| 21:06 | Create | Knight |
| 21:12 | Create | Villager (Male) |
| 21:13 | Create | Villager (Male) |
| 21:13 | Create | Villager (Male) |
| 21:47 | Create | Villager (Male) |
| 21:47 | Create | Villager (Male) |
| 21:48 | Create | Villager (Male) |
| 21:48 | Create | Villager (Male) |
| 21:52 | Create | Knight |
| 21:52 | Create | Knight |
| 22:00 | Create | Villager (Male) |
| 22:07 | Build | Farm |
| 22:07 | Build | Farm |
| 22:07 | Build | Farm |
| 22:08 | Build | Farm |
| 22:12 | Build | Farm |
| 22:13 | Build | Farm |
| 22:18 | Create | Knight |
| 22:23 | Create | Villager (Male) |
| 22:23 | Create | Villager (Male) |
| 22:36 | Create | Knight |
| 22:47 | Build | Stable |
| 22:53 | Create | Knight ×2 |
| 23:04 | Create | Villager (Male) |
| 23:05 | Create | Villager (Male) |
| 23:05 | Create | Villager (Male) |
| 23:23 | Research | Forging |
| 23:24 | Research | Scale Barding Armor |
| 23:42 | Create | Villager (Male) |
| 23:42 | Create | Villager (Male) |
| 23:50 | Build | Farm |
| 23:58 | Create | Villager (Male) |
| 23:58 | Create | Villager (Male) |
Build order — narutoshery
First 150 of 207 actions detected
| 0:01 | Create | Villager (Male) ×4 |
| 0:02 | Build | House |
| 0:04 | Build | House |
| 1:24 | Create | Villager (Male) |
| 1:47 | Build | Lumber Camp |
| 2:00 | Create | Villager (Male) |
| 2:18 | Create | Villager (Male) |
| 2:47 | Create | Villager (Male) |
| 3:00 | Create | Villager (Male) |
| 3:00 | Create | Villager (Male) |
| 3:35 | Create | Villager (Male) |
| 3:43 | Build | Mill |
| 3:54 | Create | Villager (Male) |
| 3:54 | Create | Villager (Male) |
| 3:59 | Build | House |
| 4:23 | Create | Villager (Male) |
| 4:44 | Create | Villager (Male) |
| 4:44 | Create | Villager (Male) |
| 4:57 | Create | Villager (Male) |
| 4:57 | Create | Villager (Male) |
| 5:21 | Create | Villager (Male) |
| 5:31 | Research | Loom |
| 5:39 | Create | Villager (Male) |
| 5:39 | Create | Villager (Male) |
| 6:39 | Research | Feudal Age |
| 6:39 | Research | Feudal Age |
| 7:08 | Build | Mining Camp |
| 7:41 | Build | Barracks |
| 8:06 | Build | House |
| 8:10 | Create | Villager (Male) |
| 8:10 | Create | Villager (Male) |
| 8:55 | Build | Archery Range |
| 9:40 | Create | Villager (Male) |
| 9:42 | Build | Archery Range |
| 9:47 | Build | House |
| 9:54 | Create | Villager (Male) |
| 9:54 | Create | Archer |
| 10:21 | Create | Archer |
| 10:33 | Create | Skirmisher |
| 10:34 | Create | Archer |
| 10:34 | Create | Archer |
| 10:58 | Create | Archer |
| 11:08 | Create | Villager (Male) |
| 11:19 | Create | Villager (Male) |
| 11:28 | Build | Palisade Wall |
| 11:39 | Create | Archer |
| 11:41 | Create | Villager (Male) |
| 11:45 | Build | House |
| 12:00 | Build | Blacksmith |
| 12:03 | Build | House |
| 12:03 | Build | House |
| 12:10 | Create | Archer |
| 12:16 | Create | Archer |
| 12:19 | Create | Villager (Male) |
| 12:33 | Create | Spearman |
| 12:33 | Create | Spearman |
| 12:46 | Create | Archer |
| 12:46 | Create | Archer |
| 12:48 | Create | Archer |
| 12:55 | Build | House |
| 12:58 | Build | House |
| 12:59 | Build | House |
| 13:00 | Build | House |
| 13:20 | Build | Watch Tower |
| 13:35 | Build | Mining Camp |
| 13:44 | Create | Villager (Male) |
| 13:44 | Create | Villager (Male) |
| 14:01 | Build | House |
| 14:17 | Build | Mill |
| 14:34 | Create | Villager (Male) |
| 14:35 | Create | Villager (Male) |
| 14:55 | Create | Spearman |
| 15:04 | Build | Farm |
| 15:07 | Build | Farm |
| 15:33 | Create | Villager (Male) |
| 15:46 | Create | Villager (Male) |
| 15:56 | Build | Farm |
| 15:57 | Build | Farm |
| 16:09 | Create | Villager (Male) |
| 16:09 | Create | Villager (Male) |
| 16:29 | Create | Spearman |
| 16:36 | Create | Villager (Male) |
| 16:43 | Create | Archer |
| 16:43 | Create | Archer |
| 16:43 | Create | Archer |
| 16:45 | Create | Archer |
| 17:00 | Create | Villager (Male) |
| 17:03 | Build | Farm |
| 17:28 | Create | Villager (Male) |
| 17:31 | Build | Farm |
| 17:40 | Build | Farm |
| 17:41 | Build | Farm |
| 17:42 | Build | Farm |
| 18:04 | Create | Villager (Male) |
| 18:06 | Build | Farm |
| 18:07 | Build | Farm |
| 18:15 | Create | Villager (Male) |
| 18:36 | Create | Villager (Male) |
| 18:55 | Build | Market |
| 19:07 | Create | Villager (Male) |
| 19:28 | Build | Farm |
| 19:29 | Build | Farm |
| 19:43 | Create | Villager (Male) |
| 20:08 | Build | Watch Tower |
| 20:39 | Build | Watch Tower |
| 20:59 | Research | Castle Age |
| 21:00 | Research | Castle Age |
| 21:16 | Build | House |
| 21:18 | Build | House |
| 21:46 | Build | Lumber Camp |
| 21:48 | Research | Double-Bit Axe |
| 21:48 | Research | Double-Bit Axe |
| 22:12 | Build | Archery Range |
| 22:21 | Research | Fletching |
| 22:39 | Build | Archery Range |
| 22:53 | Build | Farm |
| 23:05 | Create | Skirmisher |
| 23:27 | Build | Blacksmith |
| 23:28 | Create | Skirmisher |
| 23:28 | Create | Skirmisher |
| 23:49 | Create | Spearman |
| 23:49 | Create | Spearman |
| 23:58 | Build | House |
| 24:12 | Research | Elite Skirmisher (upgrade) |
| 24:13 | Research | Elite Skirmisher (upgrade) |
| 24:15 | Create | Villager (Male) |
| 24:15 | Create | Villager (Male) |
| 24:15 | Create | Villager (Male) |
| 24:32 | Create | Skirmisher |
| 24:32 | Create | Skirmisher |
| 24:41 | Research | Bodkin Arrow |
| 24:43 | Create | Skirmisher |
| 25:10 | Build | University |
| 25:11 | Create | Skirmisher |
| 25:12 | Create | Skirmisher |
| 25:12 | Create | Skirmisher |
| 25:28 | Create | Skirmisher |
| 25:28 | Create | Skirmisher |
| 25:36 | Create | Villager (Male) |
| 25:48 | Build | Town Center |
| 25:56 | Create | Skirmisher |
| 25:57 | Create | Skirmisher |
| 26:17 | Research | Ballistics |
| 26:17 | Research | Ballistics |
| 26:18 | Create | Skirmisher |
| 26:19 | Create | Skirmisher |
| 26:30 | Create | Skirmisher |
| 26:30 | Create | Skirmisher |
| 26:39 | Create | Villager (Male) |
| 26:44 | Create | Skirmisher |
Build order — 后入显风格
First 150 of 265 actions detected
| 0:03 | Create | Villager (Male) |
| 0:04 | Create | Villager (Male) |
| 0:14 | Create | Villager (Male) |
| 0:15 | Create | Villager (Male) |
| 0:15 | Create | Villager (Male) |
| 1:27 | Create | Villager (Male) |
| 1:33 | Build | Lumber Camp |
| 1:57 | Create | Villager (Male) |
| 2:27 | Create | Villager (Male) |
| 2:55 | Create | Villager (Male) |
| 3:23 | Create | Villager (Male) |
| 3:55 | Create | Villager (Male) |
| 3:55 | Create | Villager (Male) |
| 4:10 | Create | Villager (Male) |
| 4:10 | Create | Villager (Male) |
| 4:23 | Build | Mill |
| 4:29 | Create | Villager (Male) |
| 5:05 | Create | Villager (Male) |
| 5:05 | Create | Villager (Male) |
| 5:33 | Create | Villager (Male) |
| 5:33 | Create | Villager (Male) |
| 5:34 | Create | Villager (Male) |
| 6:49 | Create | Villager (Male) |
| 7:08 | Create | Villager (Male) |
| 7:33 | Create | Villager (Male) |
| 7:58 | Build | Mining Camp |
| 8:19 | Research | Feudal Age |
| 10:29 | Age | Feudal Age |
| 10:37 | Build | Market |
| 10:44 | Build | Blacksmith |
| 11:31 | Research | Castle Age |
| 12:21 | Research | Double-Bit Axe |
| 13:07 | Research | Horse Collar |
| 14:05 | Create | Villager (Male) |
| 14:05 | Create | Villager (Male) |
| 14:11 | Age | Castle Age |
| 14:19 | Build | Town Center |
| 14:23 | Create | Villager (Male) |
| 14:27 | Create | Villager (Male) |
| 14:55 | Build | Monastery |
| 14:59 | Create | Villager (Male) |
| 15:14 | Build | Town Center |
| 15:19 | Create | Villager (Male) |
| 15:39 | Build | Town Center |
| 15:47 | Create | Monk |
| 16:01 | Create | Villager (Male) |
| 16:06 | Build | Farm |
| 16:08 | Build | Farm |
| 16:13 | Create | Villager (Male) |
| 16:20 | Build | Farm |
| 16:21 | Build | Farm |
| 16:21 | Build | Farm |
| 16:29 | Build | Farm |
| 16:35 | Research | Loom |
| 16:45 | Build | Farm |
| 16:55 | Create | Villager (Male) |
| 16:56 | Create | Villager (Male) |
| 17:07 | Create | Villager (Male) |
| 17:35 | Create | Villager (Male) |
| 17:41 | Build | Farm |
| 17:42 | Build | Farm |
| 17:43 | Build | Farm |
| 17:47 | Build | Farm |
| 17:49 | Build | Farm |
| 17:51 | Build | Farm |
| 17:52 | Build | Farm |
| 17:57 | Create | Villager (Male) |
| 18:04 | Create | Villager (Male) |
| 18:07 | Create | Villager (Male) |
| 18:10 | Build | Farm |
| 18:11 | Build | Farm |
| 18:30 | Build | Farm |
| 18:33 | Create | Villager (Male) |
| 18:33 | Create | Villager (Male) |
| 18:35 | Create | Villager (Male) |
| 18:58 | Create | Villager (Male) |
| 19:01 | Create | Villager (Male) |
| 19:09 | Build | Farm |
| 19:26 | Create | Villager (Male) |
| 19:43 | Create | Villager (Male) |
| 19:45 | Create | Villager (Male) |
| 20:03 | Build | Town Center |
| 20:06 | Build | Farm |
| 20:19 | Create | Villager (Male) |
| 20:20 | Create | Villager (Male) |
| 20:20 | Create | Villager (Male) |
| 20:21 | Create | Villager (Male) |
| 20:21 | Create | Villager (Male) |
| 20:21 | Create | Villager (Male) |
| 20:32 | Create | Villager (Male) |
| 20:51 | Research | Wheelbarrow |
| 20:51 | Research | Wheelbarrow |
| 21:02 | Create | Villager (Male) |
| 21:17 | Build | Farm |
| 21:18 | Build | Farm |
| 21:21 | Research | Bow Saw |
| 21:28 | Build | Farm |
| 21:30 | Create | Villager (Male) |
| 21:44 | Build | Farm |
| 21:44 | Build | Farm |
| 21:46 | Build | Farm |
| 21:49 | Create | Villager (Male) |
| 21:52 | Create | Villager (Male) |
| 22:04 | Build | Farm |
| 22:05 | Build | Farm |
| 22:11 | Build | Farm |
| 22:16 | Create | Villager (Male) |
| 22:16 | Create | Villager (Male) |
| 22:18 | Create | Villager (Male) |
| 22:21 | Create | Villager (Male) |
| 22:21 | Create | Villager (Male) |
| 22:21 | Create | Villager (Male) |
| 22:25 | Create | Villager (Male) |
| 22:25 | Create | Villager (Male) |
| 22:25 | Create | Villager (Male) |
| 22:28 | Build | Farm |
| 22:31 | Build | Farm |
| 22:33 | Build | Farm |
| 22:36 | Create | Villager (Male) |
| 22:37 | Create | Villager (Male) |
| 22:42 | Build | Farm |
| 22:44 | Build | Farm |
| 22:46 | Create | Villager (Male) |
| 22:48 | Create | Villager (Male) |
| 22:49 | Create | Villager (Male) |
| 22:57 | Build | Farm |
| 22:59 | Create | Villager (Male) |
| 23:03 | Build | Farm |
| 23:07 | Create | Villager (Male) |
| 23:09 | Create | Villager (Male) |
| 23:20 | Build | Farm |
| 23:27 | Create | Villager (Male) |
| 23:27 | Create | Villager (Male) |
| 23:27 | Create | Villager (Male) |
| 23:27 | Create | Villager (Male) |
| 23:28 | Create | Villager (Male) |
| 23:28 | Create | Villager (Male) |
| 23:39 | Create | Villager (Male) |
| 23:42 | Create | Villager (Male) |
| 23:49 | Create | Villager (Male) |
| 23:59 | Create | Villager (Male) |
| 24:04 | Build | Town Center |
| 24:14 | Research | Fletching |
| 24:14 | Research | Fletching |
| 24:23 | Build | Barracks |
| 24:25 | Create | Villager (Male) |
| 24:27 | Create | Villager (Male) |
| 24:41 | Create | Villager (Male) |
| 24:50 | Build | Barracks |
| 24:52 | Create | Spearman |
Build order — 水無月悠歌
First 150 of 256 actions detected
| 0:01 | Create | Villager (Male) |
| 0:01 | Create | Villager (Male) |
| 0:01 | Create | Villager (Male) |
| 0:03 | Build | House |
| 0:05 | Build | House |
| 0:28 | Create | Villager (Male) |
| 1:40 | Create | Villager (Male) |
| 1:41 | Create | Villager (Male) |
| 1:41 | Create | Villager (Male) |
| 1:55 | Build | Lumber Camp |
| 2:07 | Create | Villager (Male) |
| 2:34 | Create | Villager (Male) |
| 3:19 | Create | Villager (Male) |
| 3:19 | Create | Villager (Male) |
| 3:19 | Create | Villager (Male) |
| 3:27 | Build | House |
| 3:50 | Create | Villager (Male) |
| 4:30 | Create | Villager (Male) |
| 4:30 | Create | Villager (Male) |
| 4:30 | Create | Villager (Male) |
| 4:50 | Build | House |
| 5:08 | Create | Villager (Male) |
| 5:32 | Create | Villager (Male) |
| 5:34 | Research | Loom |
| 5:52 | Create | Villager (Male) |
| 5:52 | Research | Loom |
| 6:02 | Build | Mill |
| 6:43 | Research | Feudal Age |
| 6:45 | Research | Loom |
| 6:56 | Build | Mining Camp |
| 8:05 | Build | Barracks |
| 8:53 | Age | Feudal Age |
| 8:57 | Build | Archery Range |
| 9:14 | Create | Villager (Male) |
| 9:33 | Create | Spearman |
| 9:36 | Create | Villager (Male) |
| 9:51 | Build | Archery Range |
| 9:53 | Create | Archer |
| 9:55 | Create | Villager (Male) |
| 10:08 | Create | Archer |
| 10:11 | Create | Archer |
| 10:17 | Create | Villager (Male) |
| 10:24 | Build | House |
| 10:29 | Build | Palisade Gate |
| 10:30 | Create | Archer |
| 10:41 | Create | Villager (Male) |
| 10:59 | Build | House |
| 11:03 | Build | Blacksmith |
| 11:06 | Build | House |
| 11:09 | Create | Archer |
| 11:09 | Create | Archer |
| 11:10 | Create | Villager (Male) |
| 11:23 | Create | Archer |
| 11:24 | Create | Archer |
| 11:41 | Create | Villager (Male) |
| 11:47 | Build | Farm |
| 11:54 | Research | Double-Bit Axe |
| 12:07 | Research | Fletching |
| 12:11 | Build | Farm |
| 12:14 | Build | Farm |
| 12:17 | Create | Archer |
| 12:17 | Create | Archer |
| 12:50 | Create | Archer |
| 12:50 | Create | Archer |
| 12:51 | Create | Villager (Male) |
| 13:24 | Create | Archer |
| 13:24 | Create | Archer |
| 13:25 | Create | Villager (Male) |
| 13:27 | Build | Farm |
| 13:29 | Build | Farm |
| 13:35 | Build | House |
| 13:36 | Build | House |
| 13:37 | Create | Archer |
| 13:37 | Create | Villager (Male) |
| 13:49 | Create | Archer |
| 13:56 | Build | House |
| 13:57 | Build | House |
| 14:08 | Create | Archer |
| 14:08 | Create | Villager (Male) |
| 14:27 | Create | Archer |
| 14:37 | Build | House |
| 14:47 | Create | Archer |
| 14:47 | Create | Archer |
| 14:48 | Create | Villager (Male) |
| 15:03 | Build | House |
| 15:04 | Build | House |
| 15:16 | Create | Archer |
| 15:17 | Create | Villager (Male) |
| 15:28 | Build | Farm |
| 15:30 | Build | Farm |
| 15:31 | Build | Farm |
| 15:49 | Create | Villager (Male) |
| 15:49 | Create | Villager (Male) |
| 16:15 | Build | Farm |
| 16:46 | Create | Archer |
| 16:46 | Create | Archer |
| 16:47 | Create | Villager (Male) |
| 16:52 | Build | Farm |
| 16:56 | Build | Farm |
| 16:58 | Create | Villager (Male) |
| 16:58 | Create | Villager (Male) |
| 17:00 | Create | Archer |
| 17:00 | Create | Archer |
| 17:42 | Create | Villager (Male) |
| 17:43 | Create | Archer |
| 17:43 | Create | Archer |
| 18:07 | Create | Archer |
| 18:07 | Create | Archer |
| 18:08 | Create | Villager (Male) |
| 18:11 | Build | Farm |
| 18:11 | Build | Farm |
| 18:14 | Create | Villager (Male) |
| 18:16 | Build | Lumber Camp |
| 18:20 | Create | Villager (Male) |
| 18:26 | Create | Archer |
| 19:10 | Create | Villager (Male) |
| 19:25 | Research | Horse Collar |
| 19:35 | Research | Padded Archer Armor |
| 19:42 | Build | Farm |
| 19:43 | Build | Farm |
| 19:43 | Build | Farm |
| 19:46 | Build | Farm |
| 19:47 | Build | Farm |
| 19:48 | Build | Farm |
| 19:50 | Create | Villager (Male) |
| 19:54 | Create | Archer |
| 19:54 | Create | Archer |
| 19:55 | Create | Archer |
| 19:55 | Create | Archer |
| 20:19 | Research | Wheelbarrow |
| 20:26 | Research | Double-Bit Axe |
| 20:56 | Create | Archer |
| 20:56 | Create | Archer |
| 21:11 | Create | Villager (Male) |
| 21:16 | Build | House |
| 21:16 | Build | House |
| 21:25 | Build | Farm |
| 21:59 | Create | Villager (Male) |
| 22:25 | Build | Lumber Camp |
| 22:35 | Create | Archer |
| 22:36 | Create | Archer |
| 22:36 | Create | Archer |
| 22:38 | Research | Castle Age |
| 22:43 | Build | Stone Wall |
| 23:21 | Create | Archer |
| 23:21 | Create | Archer |
| 23:24 | Build | Farm |
| 23:59 | Create | Archer |
| 24:00 | Create | Archer |
| 24:00 | Create | Archer |
Build order — Superhero55
First 150 of 220 actions detected
| 0:02 | Create | Villager (Male) |
| 0:02 | Create | Villager (Male) |
| 0:03 | Create | Villager (Male) |
| 0:03 | Create | Villager (Male) |
| 0:03 | Create | Villager (Male) |
| 0:05 | Build | House |
| 0:06 | Build | House |
| 1:14 | Create | Villager (Male) |
| 1:50 | Create | Villager (Male) |
| 2:04 | Build | Lumber Camp |
| 2:20 | Create | Villager (Male) |
| 2:20 | Create | Villager (Male) |
| 2:20 | Create | Villager (Male) |
| 2:45 | Create | Villager (Male) |
| 3:14 | Create | Villager (Male) |
| 3:14 | Create | Villager (Male) |
| 3:44 | Create | Villager (Male) |
| 3:44 | Create | Villager (Male) |
| 3:58 | Build | House |
| 4:14 | Create | Villager (Male) |
| 4:14 | Create | Villager (Male) |
| 4:32 | Create | Villager (Male) |
| 4:33 | Create | Villager (Male) |
| 4:52 | Build | Mill |
| 4:54 | Create | Villager (Male) |
| 4:54 | Create | Villager (Male) |
| 4:55 | Create | Villager (Male) |
| 5:07 | Create | Villager (Male) |
| 5:07 | Create | Villager (Male) |
| 5:07 | Create | Villager (Male) |
| 5:17 | Build | House |
| 5:25 | Create | Villager (Male) |
| 5:56 | Build | Mill |
| 6:02 | Create | Villager (Male) |
| 6:03 | Create | Villager (Male) |
| 6:03 | Create | Villager (Male) |
| 6:27 | Research | Double-Bit Axe |
| 6:28 | Create | Villager (Male) |
| 7:09 | Create | Villager (Male) |
| 7:11 | Create | Villager (Male) |
| 7:23 | Research | Horse Collar |
| 7:43 | Create | Villager (Male) |
| 7:47 | Build | House |
| 8:02 | Create | Villager (Male) |
| 8:36 | Build | Lumber Camp |
| 8:37 | Create | Villager (Male) |
| 8:43 | Create | Villager (Male) |
| 9:09 | Build | Mining Camp |
| 9:19 | Build | Farm |
| 9:37 | Research | Feudal Age |
| 9:38 | Research | Feudal Age |
| 9:45 | Create | Villager (Male) |
| 9:45 | Create | Villager (Male) |
| 9:56 | Create | Villager (Male) |
| 10:34 | Build | Farm |
| 10:48 | Build | Farm |
| 11:03 | Build | Farm |
| 11:50 | Age | Feudal Age |
| 11:52 | Build | Market |
| 11:54 | Build | Blacksmith |
| 12:20 | Build | Farm |
| 12:45 | Build | Farm |
| 12:46 | Build | Farm |
| 13:00 | Research | Castle Age |
| 13:01 | Research | Castle Age |
| 13:08 | Build | House |
| 13:39 | Build | Barracks |
| 13:46 | Research | Scale Mail Armor |
| 13:48 | Research | Loom |
| 14:02 | Create | Villager (Male) |
| 14:04 | Build | House |
| 14:11 | Build | Palisade Wall |
| 14:14 | Build | Palisade Wall |
| 14:36 | Create | Flemish Militia ×4 |
| 14:36 | Create | Flemish Militia ×4 |
| 14:47 | Build | Farm |
| 15:07 | Build | Palisade Wall |
| 15:24 | Create | Flemish Militia |
| 15:33 | Build | Barracks |
| 15:40 | Age | Castle Age |
| 15:41 | Create | Flemish Militia |
| 15:42 | Create | Flemish Militia |
| 15:48 | Build | House |
| 15:50 | Build | House |
| 16:02 | Create | Villager (Male) |
| 16:12 | Create | Flemish Militia |
| 16:26 | Research | Chain Mail Armor |
| 16:26 | Research | Chain Mail Armor |
| 16:43 | Build | House |
| 16:45 | Build | Palisade Wall |
| 16:47 | Build | Palisade Wall |
| 16:49 | Build | Palisade Wall |
| 16:57 | Create | Villager (Male) |
| 16:58 | Create | Villager (Male) |
| 17:02 | Build | Farm |
| 17:06 | Build | Palisade Wall |
| 17:16 | Create | Flemish Militia |
| 17:16 | Create | Flemish Militia |
| 17:26 | Create | Flemish Militia |
| 17:26 | Create | Flemish Militia |
| 17:32 | Create | Flemish Militia |
| 17:32 | Create | Flemish Militia |
| 17:50 | Create | Villager (Male) |
| 17:50 | Create | Villager (Male) |
| 18:00 | Create | Villager (Male) |
| 18:12 | Build | Market |
| 18:16 | Build | Siege Workshop |
| 18:18 | Build | Palisade Wall |
| 18:19 | Build | Palisade Wall |
| 18:28 | Create | Villager (Male) |
| 18:46 | Build | Palisade Wall |
| 19:10 | Research | Squires |
| 19:10 | Research | Squires |
| 19:20 | Create | Battering Ram |
| 19:20 | Create | Battering Ram |
| 19:32 | Create | Villager (Male) |
| 19:32 | Create | Villager (Male) |
| 19:48 | Create | Flemish Militia |
| 19:49 | Create | Flemish Militia |
| 20:01 | Build | Farm |
| 20:05 | Build | Farm |
| 20:16 | Create | Flemish Militia ×2 |
| 20:29 | Create | Villager (Male) |
| 20:29 | Create | Villager (Male) |
| 20:30 | Create | Villager (Male) |
| 20:45 | Create | Villager (Male) |
| 20:59 | Create | Battering Ram |
| 21:01 | Create | Villager (Male) |
| 21:03 | Build | House |
| 21:17 | Create | Villager (Male) |
| 21:33 | Create | Scorpion |
| 21:44 | Create | Villager (Male) |
| 21:56 | Create | Flemish Militia |
| 22:02 | Create | Villager (Male) |
| 22:13 | Create | Flemish Militia ×2 |
| 22:13 | Create | Flemish Militia ×2 |
| 22:16 | Create | Villager (Male) |
| 22:35 | Build | House |
| 22:37 | Build | House |
| 23:34 | Create | Villager (Male) |
| 23:34 | Create | Villager (Male) |
| 23:46 | Build | Town Center |
| 23:46 | Create | Villager (Male) |
| 23:47 | Create | Villager (Male) |
| 23:49 | Create | Flemish Militia |
| 23:49 | Create | Flemish Militia |
| 24:04 | Create | Villager (Male) |
| 24:07 | Create | Flemish Militia ×2 |
| 24:07 | Create | Flemish Militia ×2 |
| 24:31 | Create | Scorpion |
Build order — 車
First 150 of 225 actions detected
| 0:03 | Create | Villager (Male) |
| 0:03 | Create | Villager (Male) |
| 0:04 | Build | House |
| 0:06 | Build | House |
| 0:07 | Create | Villager (Male) |
| 0:07 | Create | Villager (Male) |
| 1:43 | Create | Villager (Male) |
| 1:43 | Create | Villager (Male) |
| 1:47 | Build | Lumber Camp |
| 2:05 | Create | Villager (Male) |
| 2:05 | Create | Villager (Male) |
| 2:27 | Create | Villager (Male) |
| 2:48 | Create | Villager (Male) |
| 3:05 | Create | Villager (Male) |
| 3:05 | Create | Villager (Male) |
| 3:26 | Create | Villager (Male) |
| 3:26 | Create | Villager (Male) |
| 3:51 | Build | House |
| 4:06 | Create | Villager (Male) |
| 4:07 | Create | Villager (Male) |
| 4:31 | Build | House |
| 4:45 | Build | Mill |
| 4:52 | Create | Villager (Male) |
| 5:01 | Create | Villager (Male) |
| 5:02 | Create | Villager (Male) |
| 5:48 | Create | Villager (Male) |
| 5:48 | Create | Villager (Male) |
| 6:37 | Build | Farm |
| 6:58 | Create | Villager (Male) |
| 7:26 | Create | Villager (Male) |
| 7:57 | Create | Villager (Male) |
| 8:04 | Build | Mining Camp |
| 8:14 | Research | Feudal Age |
| 8:29 | Create | Villager (Male) |
| 8:30 | Create | Villager (Male) |
| 8:30 | Create | Villager (Male) |
| 9:40 | Build | House |
| 10:33 | Age | Feudal Age |
| 10:35 | Build | Blacksmith |
| 10:38 | Build | Market |
| 11:28 | Research | Castle Age |
| 11:51 | Research | Double-Bit Axe |
| 11:51 | Research | Double-Bit Axe |
| 12:26 | Build | Mill |
| 12:42 | Research | Horse Collar |
| 12:59 | Research | Bow Saw |
| 13:00 | Research | Bow Saw |
| 13:23 | Create | Villager (Male) |
| 13:44 | Research | Heavy Plow |
| 13:44 | Research | Heavy Plow |
| 14:08 | Age | Castle Age |
| 14:24 | Build | Barracks |
| 14:33 | Create | Villager (Male) |
| 14:56 | Create | Villager (Male) |
| 14:57 | Create | Villager (Male) |
| 15:02 | Build | Farm |
| 15:29 | Create | Villager (Male) |
| 15:37 | Build | Stable |
| 16:00 | Build | House |
| 16:09 | Build | Farm |
| 16:14 | Build | House |
| 16:16 | Create | Knight |
| 16:20 | Research | Cavalier (upgrade) |
| 16:23 | Create | Knight |
| 16:24 | Create | Knight |
| 16:36 | Build | Farm |
| 16:54 | Build | Farm |
| 17:11 | Build | Farm |
| 17:14 | Build | Farm |
| 17:19 | Create | Villager (Male) |
| 17:22 | Build | House |
| 17:29 | Build | Farm |
| 17:32 | Create | Knight |
| 18:04 | Build | Lumber Camp |
| 18:12 | Create | Knight |
| 18:22 | Create | Villager (Male) |
| 18:22 | Create | Villager (Male) |
| 18:28 | Build | Farm |
| 18:29 | Build | Farm |
| 18:41 | Create | Knight |
| 18:49 | Build | Farm |
| 19:08 | Create | Villager (Male) |
| 19:15 | Build | Farm |
| 19:18 | Build | Farm |
| 19:18 | Build | Farm |
| 19:18 | Build | Farm |
| 19:20 | Build | Farm |
| 19:30 | Create | Villager (Male) |
| 19:41 | Create | Knight |
| 19:45 | Build | Farm |
| 19:52 | Create | Knight |
| 20:07 | Build | Farm |
| 20:08 | Create | Villager (Male) |
| 20:09 | Create | Villager (Male) |
| 20:12 | Build | House |
| 20:14 | Build | House |
| 20:21 | Create | Villager (Male) |
| 20:41 | Build | Farm |
| 20:43 | Create | Villager (Male) |
| 20:51 | Research | Scale Barding Armor |
| 20:57 | Create | Villager (Male) |
| 21:00 | Build | Farm |
| 21:10 | Create | Knight |
| 21:29 | Build | Farm |
| 21:31 | Create | Knight |
| 21:47 | Research | Forging |
| 21:47 | Research | Forging |
| 21:52 | Build | Farm |
| 21:54 | Create | Villager (Male) |
| 22:12 | Create | Villager (Male) |
| 22:17 | Create | Knight |
| 22:22 | Create | Villager (Male) |
| 22:24 | Build | House |
| 22:30 | Build | House |
| 22:31 | Build | House |
| 22:34 | Create | Villager (Male) |
| 22:44 | Create | Knight |
| 22:44 | Create | Knight |
| 22:45 | Create | Knight |
| 22:45 | Create | Knight |
| 23:03 | Create | Villager (Male) |
| 23:07 | Build | Farm |
| 23:11 | Build | Farm |
| 23:21 | Create | Knight |
| 23:37 | Create | Villager (Male) |
| 23:45 | Research | Chain Barding Armor |
| 23:49 | Build | Farm |
| 23:53 | Create | Knight |
| 23:56 | Build | Stable |
| 24:01 | Build | Farm |
| 24:21 | Create | Villager (Male) |
| 24:28 | Create | Knight |
| 24:40 | Build | Mining Camp |
| 24:41 | Create | Villager (Male) |
| 24:44 | Build | Farm |
| 24:47 | Create | Villager (Male) |
| 24:48 | Research | Gold Mining |
| 24:48 | Research | Gold Mining |
| 24:53 | Research | Husbandry |
| 24:54 | Research | Husbandry |
| 24:55 | Create | Knight |
| 25:09 | Create | Villager (Male) |
| 25:24 | Create | Knight |
| 25:32 | Create | Villager (Male) |
| 25:44 | Create | Knight |
| 25:48 | Create | Villager (Male) |
| 26:10 | Create | Knight |
| 26:18 | Create | Villager (Male) |
| 26:23 | Create | Knight |
| 26:54 | Create | Knight |
Match timeline
| 4:15 | 500分三高选手 · wall_segment Palisade Wall x3 |
| 4:47 | LetItBeMe · wall_segment Palisade Wall x6 |
| 5:01 | 500分三高选手 · wall_segment Palisade Wall x17 |
| 5:08 | 500分三高选手 · wall_segment Palisade Wall x13 |
| 5:48 | LetItBeMe · wall_segment Palisade Wall x4 |
| 6:44 | LetItBeMe · wall_segment Palisade Wall x6 |
| 7:41 | narutoshery · first_building Barracks |
| 7:45 | hanson013 · first_building Barracks |
| 8:05 | 水無月悠歌 · first_building Barracks |
| 8:43 | 500分三高选手 · wall_segment Palisade Wall x1 |
| 8:49 | LetItBeMe · wall_segment Palisade Wall x4 |
| 8:51 | hanson013 · age_up feudal |
| 8:53 | 水無月悠歌 · age_up feudal |
| 8:54 | hanson013 · first_building Stable |
| 8:55 | narutoshery · first_building Archery Range |
| 8:57 | 水無月悠歌 · first_building Archery Range |
| 9:10 | LetItBeMe · first_building Barracks |
| 10:29 | 后入显风格 · age_up feudal |
| 10:33 | 車 · age_up feudal |
| 10:35 | LetItBeMe · age_up feudal |
| 10:42 | LetItBeMe · first_building Archery Range |
| 11:28 | narutoshery · wall_segment Palisade Wall x22 |
| 11:29 | 后入显风格 · first_market_buy 100 food |
| 11:50 | Superhero55 · age_up feudal |
| 12:12 | 500分三高选手 · wall_segment Palisade Wall x1 |
| 12:24 | 500分三高选手 · age_up feudal |
| 12:37 | 500分三高选手 · wall_segment Stone Wall x27 |
| 12:49 | Superhero55 · first_market_sell 500 wood |
| 12:49 | Superhero55 · first_market_buy 100 food |
| 13:04 | 500分三高选手 · wall_segment Stone Wall x5 |
| 13:39 | Superhero55 · first_building Barracks |
| 14:08 | 車 · age_up castle |
| 14:11 | 后入显风格 · age_up castle |
| 14:11 | Superhero55 · wall_segment Palisade Wall x7 |
| 14:14 | Superhero55 · wall_segment Palisade Wall x4 |
| 14:24 | 車 · first_building Barracks |
| 14:55 | 后入显风格 · first_building Monastery |
| 15:01 | LetItBeMe · age_up castle |
| 15:07 | Superhero55 · wall_segment Palisade Wall x1 |
| 15:37 | 車 · first_building Stable |
| 15:40 | Superhero55 · age_up castle |
| 15:58 | 500分三高选手 · first_building Barracks |
| 16:45 | Superhero55 · wall_segment Palisade Wall x1 |
| 16:47 | Superhero55 · wall_segment Palisade Wall x1 |
| 16:49 | Superhero55 · wall_segment Palisade Wall x1 |
| 17:06 | Superhero55 · wall_segment Palisade Wall x1 |
| 18:06 | 500分三高选手 · first_building Stable |
| 18:16 | Superhero55 · first_building Siege Workshop |
| 18:18 | Superhero55 · wall_segment Palisade Wall x1 |
| 18:19 | Superhero55 · wall_segment Palisade Wall x1 |
| 18:25 | 500分三高选手 · age_up castle |
| 18:33 | 500分三高选手 · first_building Castle |
| 18:46 | Superhero55 · wall_segment Palisade Wall x1 |
| 19:04 | LetItBeMe · first_building Siege Workshop |
| 19:46 | narutoshery · first_market_sell 100 stone |
| 19:49 | narutoshery · first_market_buy 100 food |
| 20:25 | 500分三高选手 · first_market_sell 100 wood |
| 22:03 | hanson013 · age_up castle |
| 22:06 | LetItBeMe · first_building Monastery |
| 22:43 | 水無月悠歌 · wall_segment Stone Wall x1 |
| 23:43 | 車 · first_market_buy 100 food |
| 24:07 | 水無月悠歌 · wall_segment Stone Wall x1 |
| 24:14 | 500分三高选手 · first_market_buy 100 food |
| 24:23 | 后入显风格 · first_building Barracks |
| 25:18 | 水無月悠歌 · age_up castle |
| 25:53 | hanson013 · first_building Siege Workshop |
| 26:04 | 水無月悠歌 · wall_segment Stone Wall x1 |
| 26:56 | LetItBeMe · first_building Castle |
| 27:39 | LetItBeMe · wall_segment Stone Wall x1 |
| 27:47 | LetItBeMe · resign |
| 28:37 | 水無月悠歌 · first_building Siege Workshop |
| 28:44 | 后入显风格 · first_building Castle |
| 29:55 | 水無月悠歌 · wall_segment Palisade Wall x1 |
| 29:56 | 水無月悠歌 · wall_segment Palisade Wall x1 |
| 30:18 | 500分三高选手 · first_building Monastery |
| 31:12 | hanson013 · first_building Castle |
| 31:23 | hanson013 · first_building Monastery |
| 32:25 | 后入显风格 · age_up imperial |
[ AI ANALYSIS · 1 CREDIT ]
What really happened in this match?
Wolo.gg analyzes every decision: build order, eco, micro, common mistakes by bracket. Personalized analysis on WhatsApp or Discord in 30 seconds.
Civ guide
Franks
Perfil
Jugador #3032086